 Dungeon Crawl Stone Soup version 0.30.0-29-ga12c61a403 (webtiles) character file.

Game seed: 5730968678740876038

10552 DemonSlayer the Geomancer (level 11, -11/72 HPs)
             Began as a Demonspawn Earth Elementalist on June 22, 2023.
             Was a Priest of Dithmenos.
             Mangled by a large abomination (18 damage)
             ... on level 1 of the Abyss.
             The game lasted 00:19:07 (9947 turns).

DemonSlayer the Geomancer (DsEE)                    Turns: 9947, Time: 00:19:08

Health: -11/72     AC:  9    Str: 12    XL:     11   Next: 37%
Magic:  3/33       EV: 13    Int: 25    God:    Dithmenos [***...]
Gold:   417        SH:  0    Dex: 13    Spells: 6/29 levels left

rFire   . . .        A - +0 dagger (venom)
rCold   . . .        (no shield)
rNeg    . . .        N - +0 troll leather armour
rPois   +            (no helmet)
rElec   .            B - +0 cloak
rCorr   .            s - +2 pair of gloves
SInv    .            r - +0 pair of boots
Will    .....        t - amulet "Bijof" {Reflect Str+3 SH+5}
Stlth   +            e - ring of magical power
HPRegen 1.12/turn    c - ring of poison resistance
MPRegen 0.23/turn

%: reflection
@: confused, ambrosia-drunk, wreathed by umbra
A: hooves 2, demonic guardian 2, spiny 1, big brain 2
a: Renounce Religion, Shadow Step


You were on level 1 of the Abyss.
You worshipped Dithmenos.
Dithmenos was most pleased with you.
You visited 1 branch of the dungeon, and saw 10 of its levels.
You visited the Abyss 1 time.

You collected 656 gold pieces.
You spent 239 gold pieces at shops.

Inventory:

Hand Weapons
 A - a +0 dagger of venom (weapon)
Missiles
 E - a curare-tipped dart
Armour
 r - a +0 pair of boots (worn)
 s - a +2 pair of gloves (worn)
 B - a +0 cloak (worn)
 N - a +0 troll leather armour (worn)
Jewellery
 c - a ring of poison resistance (right hand)
 e - a ring of magical power (left hand)
 t - the amulet "Bijof" (around neck) {Reflect Str+3 SH+5}
   (You bought it in a shop on level 8 of the Dungeon)

   [amulet of reflection]

   It reflects blocked missile attacks.
   Str:       It affects your strength (+3).
   SH:        It affects your SH (+5).
 z - a ring of protection from cold
 F - a ring of flight
 G - an amulet of magic regeneration
 L - an amulet of guardian spirit
Wands
 a - a wand of mindburst (4)
 l - a wand of flame (32)
 w - a wand of roots (4)
 x - a wand of paralysis (13)
 C - a wand of polymorph (6)
Scrolls
 j - a scroll of immolation {unknown}
 m - a scroll of poison {unknown}
 n - 4 scrolls of teleportation
 o - 2 scrolls of enchant armour
 p - 2 scrolls of amnesia {unknown}
 u - 4 scrolls of fear
 y - a scroll of torment
 D - a scroll of vulnerability {unknown}
 H - a scroll of blinking {unknown}
 I - a scroll of identify
 M - a scroll of enchant weapon {unknown}
Potions
 b - a potion of magic
 d - 3 potions of resistance
 f - 3 potions of brilliance {unknown}
 g - 4 potions of curing
 h - 2 potions of ambrosia
 i - 4 potions of haste
 k - 3 potions of flight {unknown}
 q - a potion of mutation
 v - a potion of lignification
 J - a potion of heal wounds {unknown}
 K - a potion of might {unknown}


   Skills:
 + Level 2.1 Fighting
 + Level 2.1 Short Blades
 + Level 0.1 Throwing
 + Level 0.9 Armour
 + Level 4.4 Dodging
 + Level 5.7 Stealth
 + Level 0.4 Shields
 + Level 9.7 Spellcasting
 + Level 7.1 Conjurations
 + Level 0.8 Transmutations
 + Level 9.7 Earth Magic
 + Level 0.7 Evocations


You had 6 spell levels left.
You knew the following spells:

 Your Spells              Type           Power      Damage    Failure   Level
a - Sandblast             Erth           100%       2d20      1%          1
b - Passwall              Tmut/Erth      31%        N/A       1%          2
c - Stone Arrow           Conj/Erth      100%       3d13      1%          3
d - Petrify               Tmut/Erth      38%        N/A       8%          4
e - Swiftness             Air            12%        N/A       19%         3
f - Summon Guardian Gole  Hex/Summ       12%        N/A       19%         3
g - Mephitic Cloud        Conj/Pois/Air  24%        N/A       8%          3
h - Iskenderun's Mystic   Conj/Tloc      29%        2d7       16%         4

Your spell library contained the following spells:

 Spells                   Type           Power      Damage    Failure   Level
 Shock                    Conj/Air       100%       1d9       1%          1
 Hailstorm                Conj/Ice       29%        3d8       4%          3
 Apportation              Tloc           24%        N/A       6%          1
 Necrotise                Necr           48%        1d6       6%          1
 Summon Small Mammal      Summ           48%        N/A       6%          1
 Blink                    Tloc           24%        N/A       10%         2
 Ensorcelled Hibernation  Hex/Ice        24%        N/A       10%         2
 Spider Form              Tmut/Pois      14%        N/A       16%         3
 Call Canine Familiar     Summ           12%        N/A       19%         3
 Airstrike                Air            6%         2d(1-17)  54%         4
 Anguish                  Hex/Necr       6%         N/A       54%         4
 Manifold Assault         Tloc           12%        N/A       54%         4
 Storm Form               Tmut/Air       7%         N/A       100%        7
 Polar Vortex             Ice            6%         N/A       100%        9


Dungeon Overview and Level Annotations

Branches:
Dungeon (10/15)            Temple (0/1) D:4
   Lair: D:8-11         Orc: D:9-12

Altars:
Dithmenos
Hepliaklqana
Kikubaaqudgha
Makhleb
Okawaru
Qazlal
Ru
Vehumet

Shops:
D:8 *

Annotations:
D:9 1 runed translucent door
D:10 Erolcha


Innate Abilities, Weirdness & Mutations

You have hoof-like feet.
A demonic guardian rushes to your aid.
You are partially covered in sharp spines.
You have an extremely huge brain. (Int +4)


Message History

You don't have enough magic to cast this spell.
You don't have enough magic to cast this spell.
You don't have enough magic to cast this spell.
A smoke demon comes into view.
A smoke demon is nearby!
A smoke demon is nearby!
You can't see any susceptible monsters within range! (Use Z to cast anyway.)
The stone arrow hits the smoke demon!!
The smoke demon is heavily wounded.
The smoke demon roars!
The stone arrow hits the smoke demon!!
You kill the smoke demon!
Dithmenos accepts your kill.
You are out of magic!
You are out of magic!
Something hits you!!
A demonic guardian appears!
You feel your power leaking away.
Deactivating autopickup; reactivate with Ctrl-A.
Something hits you!
You hit something but do no damage. You closely miss something.
Something hits you!!
* * * LOW HITPOINT WARNING * * *
You are confused.
You feel invigorated. Something hits you.
* * * LOW HITPOINT WARNING * * *
You feel your power leaking away.
You barely miss something. Something hits you.
* * * LOW HITPOINT WARNING * * *
You feel your power leaking away.
A large abomination comes into view.
Something hits your hellwing but does no damage.
Something hits you!
* * * LOW HITPOINT WARNING * * *
You feel your power leaking away.
You closely miss something. Something hits you!
* * * LOW HITPOINT WARNING * * *
A demonic guardian appears!
You feel your power leaking away. The large abomination hits you!!
You die...

. .. . ....#. . .. ..
.......... . #. #...
.#..... .. #. #. .#
#...# #. #. ##.# ##.##
.. # .###...###...##
... .
.............4#.... #
.......#.........
......###..##.4@X.#...
. ............## .
...........#.##
###.####...#...# # #
#.#......# #
#.#........ . . #
.#.....#..
.........###. ... #.##


You could see a large abomination (ally target) and 2 friendly hellwings.

Vanquished Creatures
  A centaur warrior (D:8)
  3 two-headed ogres
  2 starcursed masses (Abyss:1)
  An ugly thing (D:8)
  A worldbinder (Abyss:1)
  A smoke demon (Abyss:1)
  A troll (D:10)
  A hornet (D:8)
  Prince Ribbit (D:8)
  A shadow (D:9)
  2 wyverns
  4 yaks (D:10)
  Menkaure (D:5)
  A water moccasin (D:8)
  3 ice beasts
  2 orc warriors
  3 sky beasts
  2 ogres
  A black bear (D:4)
  5 centaurs
  A wolf (D:8)
  2 phantoms
  A kobold brigand (D:8)
  3 bullfrogs
  5 scorpions
  4 gnoll sergeants
  5 wights
  6 killer bees
  A howler monkey (D:7)
  2 jellies
  4 hounds
  8 orc priests
  A gnoll bouda (D:8)
  2 iguanas (D:6)
  3 sleepcaps
  5 orc wizards
  An ogre zombie (D:9)
  27 gnolls
  5 adders
  2 white imps
  2 worms (D:4)
  2 dart slugs
  20 orcs
  6 ball pythons
  4 bats
  6 endoplasms
  2 giant cockroaches
  5 goblins
  10 hobgoblins
  2 quokkas
  2 frilled lizards
  8 kobolds
  5 rats
  A butterfly (D:4)
200 creatures vanquished.

Vanquished Creatures (collateral kills)
  Grum (D:8)
  A wolf (D:8)
  A centaur (D:8)
  A jelly (D:6)
  An adder (D:3)
  An orc (D:8)
  An endoplasm (D:4)
7 creatures vanquished.

Vanquished Creatures (others)
  A wolf (D:8)
1 creature vanquished.

Grand Total: 208 creatures vanquished

Notes
Turn   | Place    | Note
-------+----------+-------------------------------------------
     0 | D:1      | DemonSlayer the Demonspawn Earth Elementalist began the
                  | quest for the Orb.
     0 | D:1      | Reached XP level 1. HP: 13/13 MP: 3/3
   323 | D:1      | Gained mutation: You are partially covered in sharp spines.
                  | [demonic ancestry]
   323 | D:1      | Reached XP level 2. HP: 19/19 MP: 5/5
  1032 | D:2      | Gained mutation: You have large cloven feet. [demonic
                  | ancestry]
  1032 | D:2      | Reached XP level 3. HP: 15/24 MP: 7/7
  1192 | D:2      | Found a faded altar of an unknown god.
  1589 | D:2      | Learned a level 2 spell: Passwall
  1593 | D:2      | Learned a level 3 spell: Stone Arrow
  1616 | D:3      | Gained mutation: A weak demonic guardian rushes to your
                  | aid. [demonic ancestry]
  1616 | D:3      | Reached XP level 4. HP: 30/30 MP: 8/8
  2095 | D:3      | Found an ancient bone altar of Kikubaaqudgha.
  2095 | D:3      | Found a shadowy altar of Dithmenos.
  2225 | D:3      | Became a worshipper of Dithmenos the Shadowed
  2456 | D:4      | Noticed a scorpion
  2518 | D:4      | Noticed an ogre
  2526 | D:4      | Killed an ogre
  2527 | D:4      | Gained mutation: You have an unusually large brain. (Int
                  | +2) [demonic ancestry]
  2527 | D:4      | Reached XP level 5. HP: 35/35 MP: 10/10
  2537 | D:4      | Noticed a black bear
  2614 | D:4      | Found a radiant altar of Vehumet.
  2674 | D:4      | Gained mutation: A demonic guardian rushes to your aid.
                  | [demonic ancestry]
  2674 | D:4      | Reached XP level 6. HP: 41/41 MP: 11/11
  2828 | D:4      | Found a staircase to the Ecumenical Temple.
  2847 | D:4      | Reached skill level 5 in Earth Magic
  2933 | D:4      | Reached * piety under Dithmenos
  3292 | D:4      | Gained mutation: You have hoof-like feet. [demonic
                  | ancestry]
  3292 | D:4      | Reached XP level 7. HP: 34/46 MP: 13/13
  3513 | D:4      | Learned a level 4 spell: Petrify
  3522 | D:4      | Learned a level 3 spell: Swiftness
  3532 | D:5      | Entered Level 5 of the Dungeon
  3586 | D:5      | Noticed Menkaure
  3593 | D:5      | Killed Menkaure
  3594 | D:5      | Reached skill level 5 in Spellcasting
  3594 | D:5      | Reached skill level 1 in Conjurations
  3680 | D:5      | Found a hazy altar of Hepliaklqana.
  3750 | D:5      | Found an iron altar of Okawaru.
  4255 | D:5      | Found a sacrificial altar of Ru.
  4388 | D:5      | Learned a level 3 spell: Summon Guardian Golem
  4572 | D:6      | Gained mutation: You have an extremely huge brain. (Int +4)
                  | [demonic ancestry]
  4572 | D:6      | Reached XP level 8. HP: 43/53 MP: 1/15
  4738 | D:6      | Found a stormy altar of Qazlal.
  4830 | D:6      | Got the Treatise on Prime Hoarfrost
  5474 | D:7      | Reached skill level 1 in Short Blades
  5498 | D:7      | Reached skill level 1 in Fighting
  5726 | D:7      | Found a burning altar of Makhleb.
  5959 | D:7      | Reached XP level 9. HP: 59/59 MP: 12/18
  6035 | D:7      | Reached ** piety under Dithmenos
  6756 | D:7      | Learned a level 3 spell: Mephitic Cloud
  7088 | D:8      | Noticed Grum
  7100 | D:8      | Killed Grum
  7723 | D:8      | Reached skill level 5 in Stealth
  7803 | D:8      | Noticed a two-headed ogre
  7809 | D:8      | Killed a two-headed ogre
  7810 | D:8      | Reached XP level 10. HP: 51/67 MP: 16/21
  7881 | D:8      | Reached skill level 5 in Conjurations
  7894 | D:8      | Noticed a cyan ugly thing
  8007 | D:8      | Noticed a centaur warrior
  8011 | D:8      | Killed a centaur warrior
  8151 | D:8      | Reached *** piety under Dithmenos
  8210 | D:8      | Noticed a two-headed ogre
  8219 | D:8      | Killed a cyan ugly thing
  8482 | D:8      | Killed a two-headed ogre
  8688 | D:8      | Found Fiom's Assorted Antiques.
  8692 | D:8      | Bought a crude jade amulet for 110 gold pieces
  8692 | D:8      | Identified the amulet "Bijof" {Reflect Str+3 SH+5} (You
                  | bought it in a shop on level 8 of the Dungeon)
  8692 | D:8      | Bought a large ivory ring for 110 gold pieces
  8692 | D:8      | Bought an orange potion for 19 gold pieces
  8713 | D:8      | Noticed Prince Ribbit
  8716 | D:8      | Killed Prince Ribbit
  8761 | D:8      | Learned a level 4 spell: Iskenderun's Mystic Blast
  8996 | D:9      | Noticed a two-headed ogre
  9002 | D:9      | Killed a two-headed ogre
  9003 | D:9      | Reached XP level 11. HP: 47/72 MP: 14/24
  9119 | D:9      | Found a runed translucent door.
  9332 | D:10     | Entered Level 10 of the Dungeon
  9649 | D:10     | Noticed Erolcha
  9817 | Abyss:1  | Cast into level 1 of the Abyss (Erolcha)
  9832 | Abyss:1  | Noticed a wolf spider
  9833 | Abyss:1  | Noticed a wolf spider
  9833 | Abyss:1  | Noticed a wolf spider
  9875 | Abyss:1  | Noticed a thrashing horror
  9907 | Abyss:1  | Noticed a starcursed mass
  9918 | Abyss:1  | Killed a starcursed mass
  9920 | Abyss:1  | Killed a starcursed mass
  9947 | Abyss:1  | Mangled by a large abomination

Illustrated notes

Levels and vault maps discovered:
D:1:      amcnicky_arrival_flooded_fountain, layout_loops_ring, moated_statue,
          minivault_11
D:2:      layout_loops_ring, ebering_ecumenical_altar_webs, st_stairs_13,
          minmay_distorted
D:3:      layout_loops_ring, gammafunk_temple_overflow_elements, minmay_bisected
D:4:      layout_rooms, mainiacjoe_overflow_six_doors_small,
          minmay_temple_entry_butterflies, minmay_bent
D:5:      layout_loops_ring, okawaru_gym_becter, old_standard_altar,
          nicolae_hepliaklqana_hazy_memory, uniq_menkaure
D:6:      layout_gridville, nicolae_qazlal_general_emergency
D:7:      layout_basic, mainiacjoe_overflow_alcove_4
D:8:      minmay_chambers_of_sevens, layout_gridville, serial_shops, shop,
          uniq_prince_ribbit1, uniq_grum
D:9:      layout_rooms, zombieorc1_lemuel, ebering_ghost_reflecting_pool,
          dk_noncrumbling_4
D:10:     layout_long_grid, serial_shops, shop, serial_bayou_lake_a,
          uniq_erolcha
Abyss:1:  base: D:6, serial_sigils_hangedman_snap

Skill      XL: |  1  2  3  4  5  6  7  8  9 10 11 |
---------------+----------------------------------+-----
Dodging        | 2 3 4 |  4.4
Earth Magic    | 3 4 5 6 8 9 |  9.7
Spellcasting   | 3 4 5 6 7 9 |  9.7
Stealth        | 2 3 4 5 |  5.7
Conjurations   | 2 3 4 6 7 |  7.1
Short Blades   | 1 2 |  2.1
Fighting       | 1 2 |  2.1
Throwing       | |  0.1
Armour         | |  0.9
Shields        | |  0.4
Transmutations | |  0.8
Evocations     | |  0.7

Action                     |  1- 3 |  4- 6 |  7- 9 | 10-12 || total
---------------------------+-------+-------+-------+-------++-------
  Melee: Dagger            |     3 |     5 |    38 |    19 ||    65
         Kick              |     1 |       |    10 |       ||    11
  Throw: Dart              |       |       |       |     1 ||     1
   Cast: Sandblast         |    43 |    32 |    21 |     6 ||   102
         Stone Arrow       |       |    19 |    89 |    94 ||   202
  Evoke: Wand              |       |     5 |       |     3 ||     8
    Use: Scroll            |     2 |     6 |     6 |       ||    14
         Potion            |       |       |       |     2 ||     2
   Stab: Sleeping          |       |     3 |    10 |     2 ||    15
 Armour: Robe              |     2 |     4 |    19 |     7 ||    32
         Troll leather arm |       |       |       |     2 ||     2
  Dodge: Dodged            |    16 |    16 |    71 |    47 ||   150
  Block: Other             |       |       |       |    14 ||    14
